AoeStats
← Fluvialgeomorphologist

Nomad

508804486Analyzed
4v4 RM · 8d ago on Sep 24, 2026· 35m 3s· 8 players
Game mode
Random Map
Map size
231×231
Population
200
Speed
Normal
Resources
Standard
Victory
Conquest
Starting age
Dark Age
Ending age
Imperial Age
RankedLock teamsTeams togetherTeam positionsShared explorationLock speedFull tech treeHidden civsTurbo modeCheats
Victory
Defeat
🇻🇪 Magyars · Venezuela
979
+12
🇺🇸 Georgians · United States
929
+14
🇻🇳 Koreans · Vietnam
926
+14
🇵🇪 Spanish · Peru
876
+17
🇺🇸 Teutons · United States
1023
-19
🇪🇨 Vietnamese · Ecuador
904
-15
886
-14
🇪🇨 Franks · Ecuador
750
-9
Fluvialgeomorphologist
14:59 Feudal Age
13:14 Loom
16:35 Double-Bit Axe
16:37 Horse Collar
19:07 Castle Age
19:16 Stone Mining
20:21 Bow Saw
20:02 Gold Mining
22:23 Heavy Plow
25:44 Bloodlines
25:35 Husbandry
26:37 Wheelbarrow
26:32 Town Watch
29:52 Forging
29:48 Scale Barding Armor
31:18 Hand Cart
32:12 Chain Barding Armor
32:28 Iron Casting
33:18 Svan Towers
the King
15:24 Loom
17:10 Feudal Age
20:35 Fletching
20:45 Padded Archer Armor
27:58 Castle Age
CyberNinjaX
15:17 Feudal Age
16:59 Wheelbarrow
23:08 Castle Age
22:31 Double-Bit Axe
23:32 Fishing Lines
24:21 Horse Collar
24:41 Gillnets
26:50 Bow Saw
27:04 Loom
27:05 Town Watch
27:42 Hand Cart
27:13 Loom
28:28 Town Watch
28:25 Pikeman
31:33 Husbandry
31:59 Horse Collar
33:54 Bloodlines
34:53 Light Cavalry
ScottVector
12:23 Loom
14:14 Feudal Age
16:02 Wheelbarrow
15:10 Fishing Lines
15:59 Double-Bit Axe
24:21 Castle Age
25:19 Gillnets
26:05 Medium Warships
26:15 Gold Mining
26:15 Stone Mining
26:15 Gold Mining
26:15 Stone Mining
26:15 Gold Mining
27:37 Gold Shaft Mining
26:52 Stone Mining
27:37 Gold Shaft Mining
26:52 Stone Mining
27:37 Gold Shaft Mining
26:57 Stone Mining
27:23 Bow Saw
29:01 Hand Cart
28:33 Town Watch
29:25 Gold Shaft Mining
29:25 Stone Shaft Mining
29:25 Gold Shaft Mining
29:25 Stone Shaft Mining
34:42 Siphons
34:50 Careening
34:51 Clinker Construction
35:03 Ballistics
sebchenko34
3:39 Loom
13:52 Feudal Age
14:41 Double-Bit Axe
14:40 Horse Collar
15:57 Fishing Lines
24:09 Castle Age
22:44 Gold Mining
24:37 Fletching
26:01 Wheelbarrow
25:39 Bow Saw
25:24 Gillnets
25:38 Heavy Plow
27:06 Hand Cart
28:15 Medium Warships
28:19 Pikeman
30:31 Bodkin Arrow
31:07 Stone Mining
32:41 Caravan
33:18 Forging
33:11 Squires
Vitaly
5:08 Loom
15:02 Feudal Age
15:32 Double-Bit Axe
15:40 Stone Mining
15:35 Horse Collar
24:09 Castle Age
22:16 Fishing Lines
25:44 Wheelbarrow
25:31 Bow Saw
27:27 Scale Barding Armor
27:32 Forging
27:43 Heavy Plow
27:47 Gold Mining
28:39 Hand Cart
30:45 Bloodlines
KAISER962605
17:22 Feudal Age
21:24 Forging
30:15 Castle Age
28:43 Stone Mining
28:44 Gold Mining
31:50 Iron Casting
御园莓华世界一かわい
4:27 Loom
16:59 Feudal Age
18:20 Fletching
18:27 Town Watch
20:42 Double-Bit Axe
25:30 Castle Age
26:41 Medium Warships
26:20 Fishing Lines
27:56 Bow Saw
Connection lost

Rejoining the realm…

Still unreachable

The connection could not be restored.

Session expired

The server has moved on; the page needs a fresh start.